[Event "Titled Tuesday Blitz August 22 Early 2023"]
[White "Farmani Anosheh, Armin"]
[Black "Aggelis, Nikolaos"]
[WhiteFideId "24613240"]
[BlackFideId "4213220"]
[WhiteElo "2420"]
[BlackElo "2565"]
[Result "0-1"]
[Round "10"]
[TimeControl "180+1"]
[Date "2023.08.22"]
[WhiteClock "0:00:00"]
[BlackClock "0:00:15"]
[Board "107"]

1. e4 c6 2. d4 d5 3. e5 c5 4. Nf3 cxd4 5. Nxd4 Nc6 6. Bb5 Bd7 7. Nxc6 Bxc6 8. Bxc6+ bxc6 9. O-O e6 10. c4 Ne7 11. Qe2 Ng6 12. Nd2 Be7 13. Nf3 O-O 14. g3 Qc7 15. h4 Rfd8 16. h5 Nf8 17. h6 g6 18. Bg5 Bxg5 19. Nxg5 Qe7 20. Nf3 Nd7 21. Rac1 Rac8 22. Rfd1 Nc5 23. Kg2 Ne4 24. Qe3 Qc5 25. Qf4 Qxf2+ 26. Kh3 Qxf3 27. Qxf3 Ng5+ 28. Kg4 Nxf3 29. Kxf3 Kf8 30. Rd4 Ke7 31. cxd5 Rxd5 32. Ra4 a5 33. Ke4 Rb8 34. Rxc6 Rxb2 35. Rc7+ Ke8 36. Rc8+ Kd7 37. Rh8 Re2+ 38. Kf3 Rdxe5 39. Rxh7 Ke7 40. Rf4 R2e3+ 41. Kg4 Rf5 42. Rh8 Kf6 43. Rxf5+ exf5+ 44. Kf4 Re2 45. Ra8 Rh2 46. Rxa5 Rxh6 47. Ra6+ Kg7 48. a4 Rh2 49. Kf3 Ra2 50. Ra7 g5 51. Ra6 f6 52. Ra7+ Kg6 53. Ra8 Ra3+ 54. Kf2 Ra2+ 55. Kf3 g4+ 56. Ke3 Rg2 57. a5 Rxg3+ 58. Kd4 f4 59. a6 Kf5 60. Kc5 Ra3 61. Kb4 Ra1 0-1


[Site "https://www.chess.com"]

[Event "Titled Tuesday Blitz August 22 Early 2023"]
[White "Kozin, Yuri"]
[Black "Ronka, Erik"]
[WhiteFideId "4129920"]
[BlackFideId "505080"]
[WhiteElo "2551"]
[BlackElo "2409"]
[Result "0-1"]
[Round "10"]
[TimeControl "180+1"]
[Date "2023.08.22"]
[WhiteClock "0:00:17"]
[BlackClock "0:00:11"]
[Board "108"]

1. e4 e5 2. Nf3 d6 3. d4 f5 4. dxe5 fxe4 5. Ng5 d5 6. e6 Nc6 7. Nf7 Qf6 8. Nxh8 Bc5 9. Be3 Bxe3 10. fxe3 Bxe6 11. Nc3 O-O-O 12. Bb5 d4 13. Nxe4 Qh4+ 14. Ng3 dxe3 15. Qh5 Qf6 16. Ne4 Qd4 17. Bxc6 bxc6 18. Rd1 Qxe4 19. Rxd8+ Kxd8 20. O-O Nf6 21. Qg5 e2 22. Re1 Bd5 23. Qxg7 Qd4+ 24. Kh1 Qf2 25. Qg3 Bxg2+ 0-1


[Site "https://www.chess.com"]

[Event "Titled Tuesday Blitz August 22 Early 2023"]
[White "SergioMoralesG"]
[Black "Martin Carmona, Gaston Manuel"]
[BlackFideId "22284567"]
[WhiteElo "2409"]
[BlackElo "2508"]
[Result "1-0"]
[Round "10"]
[TimeControl "180+1"]
[Date "2023.08.22"]
[WhiteClock "0:00:09"]
[BlackClock "0:00:37"]
[Board "109"]

1. d4 Nf6 2. c4 g6 3. Nc3 Bg7 4. e4 d6 5. Nf3 O-O 6. Be2 e5 7. Be3 exd4 8. Nxd4 Re8 9. f3 c6 10. Bf2 Nh5 11. Qd2 Na6 12. O-O Nc5 13. b4 Ne6 14. Nxe6 Bxe6 15. Rad1 Bxc3 16. Qxc3 Qg5 17. Be3 Nf4 18. Bxf4 Qxf4 19. Qd2 Qxd2 20. Rxd2 d5 21. cxd5 cxd5 22. Bb5 Red8 23. Rfd1 d4 24. a3 Rac8 25. Rxd4 Rxd4 26. Rxd4 Rc3 27. a4 Rc2 28. h3 g5 29. Kh2 h5 30. Bd7 Rb2 31. Bxe6 fxe6 32. h4 gxh4 33. Kh3 e5 34. Rc4 b6 35. b5 Ra2 36. Kxh4 Rxg2 37. Rc7 Rh2+ 38. Kg3 Ra2 39. Rxa7 Kf8 40. Kh4 Ke8 41. Kxh5 Kd8 42. Kg4 Ra3 43. Ra6 Kc7 44. Ra7+ Kd6 45. Rb7 Kc5 46. Re7 Kd6 47. Rb7 Kc5 48. Rc7+ Kb4 49. Re7 Kxa4 50. Rxe5 Ra1 51. f4 Rg1+ 52. Kf5 Kb4 53. Ke6 Rg6+ 54. Kf7 Rg4 55. f5 Kc4 56. f6 Kd4 57. Re6 Kc5 58. Ke7 Kxb5 59. f7 1-0


[Site "https://www.chess.com"]

[Event "Titled Tuesday Blitz August 22 Early 2023"]
[White "Albertini, Luca"]
[Black "Boraso, Alessio"]
[WhiteFideId "847038"]
[BlackFideId "848077"]
[WhiteElo "2373"]
[BlackElo "2507"]
[Result "1-0"]
[Round "10"]
[TimeControl "180+1"]
[Date "2023.08.22"]
[WhiteClock "0:00:17"]
[BlackClock "0:00:00"]
[Board "110"]

1. e4 e6 2. d3 d5 3. exd5 exd5 4. g3 Nf6 5. Bg2 Be7 6. Ne2 O-O 7. O-O Bf5 8. Nd4 Bg4 9. Bf3 Bxf3 10. Qxf3 c6 11. Nc3 Nbd7 12. Re1 Re8 13. Bg5 h6 14. Bd2 Bc5 15. Nf5 Qc7 16. d4 Bf8 17. Bf4 Qb6 18. Be5 Qxb2 19. Rab1 Qa3 20. Rb3 Qa6 21. Re3 Re6 22. h4 Rae8 23. Bf4 Ne4 24. Nxe4 dxe4 25. Qg4 Rg6 26. Qd1 Nf6 27. Be5 Nd5 28. Rxe4 Qxa2 29. h5 Rge6 30. Rg4 Kh7 31. Qd3 g6 32. hxg6+ fxg6 33. Nh4 Ne7 34. Rxb7 Qd5 35. Nxg6 1-0


[Site "https://www.chess.com"]

[Event "Titled Tuesday Blitz August 22 Early 2023"]
[White "Bilan, Danila"]
[Black "Carrasco Miranda, Andres"]
[WhiteFideId "24161918"]
[BlackFideId "3405990"]
[WhiteElo "2504"]
[BlackElo "2406"]
[Result "0-1"]
[Round "10"]
[TimeControl "180+1"]
[Date "2023.08.22"]
[WhiteClock "0:00:00"]
[BlackClock "0:00:36"]
[Board "111"]

1. d4 Nf6 2. Nf3 g6 3. Bg5 Bg7 4. c3 O-O 5. Nbd2 c5 6. e3 h6 7. Bh4 d6 8. Bc4 cxd4 9. exd4 Qc7 10. O-O Nc6 11. Re1 e5 12. dxe5 dxe5 13. Qc2 Bf5 14. Bd3 Bxd3 15. Qxd3 Rfe8 16. Rad1 Nh5 17. Qc4 Rac8 18. Ne4 Nd4 19. Qd3 Nf4 20. Qe3 Nc2 21. Qxa7 Nxe1 22. Rxe1 Nd3 23. Re2 g5 24. Bg3 f5 25. Nexg5 hxg5 26. Nxg5 Nf4 27. Re1 Nh5 28. Qa4 Nxg3 29. hxg3 Bf6 30. Qb3+ Qc4 31. Qxb7 Bxg5 32. Rd1 Rcd8 33. Re1 e4 34. Qb6 Qf7 0-1


[Site "https://www.chess.com"]

[Event "Titled Tuesday Blitz August 22 Early 2023"]
[White "Petrova, Irina"]
[Black "Mazurkiewicz, Michal"]
[WhiteFideId "14124122"]
[BlackFideId "1124943"]
[WhiteElo "2360"]
[BlackElo "2495"]
[Result "0-1"]
[Round "10"]
[TimeControl "180+1"]
[Date "2023.08.22"]
[WhiteClock "0:00:17"]
[BlackClock "0:00:16"]
[Board "112"]

1. e4 d6 2. d4 Nf6 3. Nc3 c6 4. Nf3 Bg4 5. Be2 e6 6. O-O d5 7. e5 Nfd7 8. h3 Bh5 9. Be3 c5 10. Nb5 Nc6 11. Nd6+ Bxd6 12. exd6 Bxf3 13. Bxf3 cxd4 14. Bxd4 Nxd4 15. Qxd4 O-O 16. c4 dxc4 17. Bxb7 Rb8 18. Bf3 Qb6 19. Qxc4 Ne5 20. Qe4 Nxf3+ 21. Qxf3 Qxd6 22. b3 Rbc8 23. Rfd1 Qa6 24. Qe3 Rfd8 25. Rxd8+ Rxd8 26. Rc1 Qxa2 27. Qg5 f6 28. Qb5 Qd2 29. Ra1 Qd4 30. Ra6 Qf4 31. Ra1 h6 32. Qc5 a6 33. Qb6 Rd6 34. Qb7 Kh7 35. Qc8 Rd2 36. Qc5 Qd6 37. Qc1 a5 38. g3 Qd4 39. Qb1+ f5 40. Qe1 Rxf2 41. Qxf2 Qxa1+ 42. Kh2 Qe5 43. Qb6 h5 44. h4 f4 45. gxf4 Qxf4+ 46. Kg2 Qg4+ 47. Kf1 Qf3+ 48. Kg1 Qd5 49. Kh2 e5 50. Kg3 Qd3+ 51. Kf2 Qd4+ 52. Qxd4 exd4 53. Ke2 g5 54. hxg5 h4 55. Kd3 h3 0-1


[Site "https://www.chess.com"]

[Event "Titled Tuesday Blitz August 22 Early 2023"]
[White "laidfrq"]
[Black "Tikhonov, Viacheslav"]
[BlackFideId "44196407"]
[WhiteElo "2367"]
[BlackElo "2495"]
[Result "1-0"]
[Round "10"]
[TimeControl "180+1"]
[Date "2023.08.22"]
[WhiteClock "0:01:05"]
[BlackClock "0:00:08"]
[Board "113"]

1. e4 c5 2. Nf3 d6 3. d4 cxd4 4. Nxd4 Nf6 5. Nc3 a6 6. h3 e5 7. Nde2 h5 8. Bg5 Be6 9. Bxf6 Qxf6 10. Nd5 Qd8 11. Qd3 Nd7 12. Nec3 Nc5 13. Qf3 Be7 14. b4 Nd7 15. Bc4 Bg5 16. O-O Rc8 17. Bb3 g6 18. a4 O-O 19. a5 Kg7 20. Rad1 f5 21. exf5 Bxf5 22. Ne4 Bh4 23. Qe2 Nb8 24. Nb6 Rc6 25. c4 Be7 26. Nd5 Bh4 27. b5 axb5 28. cxb5 Rc8 29. Nb6 Bxe4 30. Nxc8 d5 31. Nb6 Qg5 32. f3 Bf5 33. Qxe5+ Kh6 34. Rxd5 Bg3 35. f4 Qh4 36. Qe3 Rf6 37. Rd8 Re6 38. Rh8+ Kg7 39. Qc3+ Kf7 40. Rh7+ Kg8 41. Qg7# 1-0


[Site "https://www.chess.com"]

[Event "Titled Tuesday Blitz August 22 Early 2023"]
[White "Pace, Christopher"]
[Black "Perez, Maximiliano"]
[WhiteFideId "2610167"]
[BlackFideId "117234"]
[WhiteElo "2351"]
[BlackElo "2493"]
[Result "0-1"]
[Round "10"]
[TimeControl "180+1"]
[Date "2023.08.22"]
[WhiteClock "0:01:38"]
[BlackClock "0:02:12"]
[Board "114"]

1. e4 g6 2. d4 Bg7 3. Nc3 d6 4. Be3 a6 5. a4 b6 6. Qd2 Bb7 7. f4 e6 8. Nf3 Nd7 9. Bd3 Ne7 10. O-O d5 11. e5 c5 12. a5 c4 13. Be2 b5 14. Na2 Nc6 15. Nb4 Nxa5 16. Nxd5 Bxd5 17. Rxa5 Nb6 18. Rfa1 Na4 19. b3 c3 20. Qe1 Qxa5 21. bxa4 b4 0-1


[Site "https://www.chess.com"]

[Event "Titled Tuesday Blitz August 22 Early 2023"]
[White "Juicy_Fork"]
[Black "Goffredo_Fofi"]
[WhiteElo "2333"]
[BlackElo "2489"]
[Result "1-0"]
[Round "10"]
[TimeControl "180+1"]
[Date "2023.08.22"]
[WhiteClock "0:00:05"]
[BlackClock "0:00:03"]
[Board "115"]

1. e4 g6 2. d4 Bg7 3. Nc3 c6 4. Be3 d5 5. Qd2 h5 6. O-O-O Nh6 7. f3 dxe4 8. fxe4 Ng4 9. Kb1 Nxe3 10. Qxe3 Nd7 11. Nf3 Nf6 12. Bc4 O-O 13. h3 b5 14. Bb3 a5 15. a4 Rb8 16. g4 hxg4 17. hxg4 Bxg4 18. Rdg1 bxa4 19. Nxa4 Rxb3 20. cxb3 Bxf3 21. Qxf3 Qxd4 22. Nc3 Rb8 23. Rd1 Qe5 24. Ka2 a4 25. Nxa4 Nxe4 26. Rde1 Ra8 27. Re2 Qd5 28. Qxe4 Rxa4+ 29. Qxa4 Qxh1 30. Rxe7 Qd5 31. Re8+ Kh7 32. Qh4+ Bh6 33. Re7 Kg7 34. Qg3 Qa5+ 35. Kb1 Qf5+ 36. Ka2 Bf4 37. Qc3+ Kh6 38. Re8 Kg5 39. Rd8 Qb5 40. Qc4 Qa5+ 41. Qa4 Qc5 42. Rc8 Qe3 43. Ra8 f5 44. Qxc6 Kg4 45. Qxg6+ Kf3 46. Qxf5 Qe2 47. Qh3+ Ke4 48. Qe6+ Be5 49. Qg6+ Ke3 50. Qg5+ Bf4 51. Re8+ Kf3 52. Qxf4+ Kxf4 53. Rxe2 Kf5 54. b4 1-0


[Site "https://www.chess.com"]

[Event "Titled Tuesday Blitz August 22 Early 2023"]
[White "Coelho, Ramyres Santana"]
[Black "Gogolev, Artem"]
[WhiteFideId "2120690"]
[BlackFideId "4116615"]
[WhiteElo "2331"]
[BlackElo "2486"]
[Result "1-0"]
[Round "10"]
[TimeControl "180+1"]
[Date "2023.08.22"]
[WhiteClock "0:00:33"]
[BlackClock "0:00:04"]
[Board "116"]

1. e4 c6 2. d4 d5 3. Nc3 dxe4 4. Nxe4 Bf5 5. Ng3 Bg6 6. Nf3 Nd7 7. h4 h6 8. h5 Bh7 9. Bd3 Bxd3 10. Qxd3 Ngf6 11. Bd2 e6 12. O-O-O Be7 13. c4 O-O 14. Kb1 b5 15. cxb5 cxb5 16. Qe2 Nb6 17. Qxb5 a6 18. Qb3 Rb8 19. Bf4 Bd6 20. Bxd6 Qxd6 21. Ne5 a5 22. Qd3 Nfd5 23. Ne4 Qc7 24. Qg3 Na4 25. Rd2 Nac3+ 26. Nxc3 Nxc3+ 27. Ka1 Ne4 28. Qd3 Nxd2 29. Qxd2 Rfd8 30. Rd1 Rb4 31. Qc3 Qxe5 32. Re1 Qxd4 33. Qa3 Qd1+ 34. Rxd1 Rd2 35. Rxd2 1-0


[Site "https://www.chess.com"]

[Event "Titled Tuesday Blitz August 22 Early 2023"]
[White "Gavilan Diaz, Mario"]
[Black "Kaganskiy, Gleb"]
[WhiteFideId "2260905"]
[BlackFideId "4132025"]
[WhiteElo "2484"]
[BlackElo "2329"]
[Result "1-0"]
[Round "10"]
[TimeControl "180+1"]
[Date "2023.08.22"]
[WhiteClock "0:01:42"]
[BlackClock "0:01:38"]
[Board "117"]

1. d4 d5 2. c4 e6 3. Nc3 c6 4. e4 dxe4 5. Nxe4 Bb4+ 6. Bd2 Qxd4 7. Bxb4 Qxe4+ 8. Be2 c5 9. Bxc5 Qxg2 10. Bf3 Qg5 11. Bd6 Ne7 12. Ne2 O-O 13. Rg1 Qf6 14. Ng3 Rd8 15. Nh5 Qxb2 16. Rxg7+ Qxg7 17. Nxg7 Kxg7 18. Be5+ f6 1-0


[Site "https://www.chess.com"]

[Event "Titled Tuesday Blitz August 22 Early 2023"]
[White "slidingknight2775"]
[Black "Zampronha, Wladimir Camilo"]
[BlackFideId "2103087"]
[WhiteElo "2484"]
[BlackElo "2296"]
[Result "1/2-1/2"]
[Round "10"]
[TimeControl "180+1"]
[Date "2023.08.22"]
[WhiteClock "0:00:05"]
[BlackClock "0:00:18"]
[Board "118"]

1. d4 Nf6 2. c4 e6 3. Nc3 Bb4 4. e3 O-O 5. Ne2 c5 6. a3 cxd4 7. axb4 dxc3 8. Nxc3 d5 9. b5 dxc4 10. Bxc4 Qc7 11. Qe2 Nbd7 12. O-O Nb6 13. Bd3 e5 14. Bd2 Re8 15. Rfc1 Qe7 16. f3 Be6 17. Be1 Nfd7 18. Na4 Nxa4 19. Rxa4 Nb6 20. Ra3 Rec8 21. Rca1 Nc4 22. Rxa7 Rxa7 23. Rxa7 Qc5 24. Ra1 Qxb5 25. Bc3 Qc5 26. Bxc4 Bxc4 27. Qf2 f6 28. e4 Qxf2+ 29. Kxf2 Ba6 30. h4 Kf7 31. Ke3 Ke6 32. g4 Rd8 33. Kf2 Rd3 34. Ra3 Kd7 35. Bb4 Rxa3 36. Bxa3 Ke6 37. Ke3 g6 38. Bf8 f5 39. Bg7 Bb5 40. Bf8 h5 41. exf5+ gxf5 42. gxh5 Be8 43. h6 Bg6 44. Bb4 Kd5 45. Bc3 f4+ 46. Kf2 e4 47. fxe4+ Kxe4 48. Bg7 b5 49. b4 Bh7 50. Bf8 Bg6 51. Bc5 Bh7 52. Kg2 Bf5 53. h5 Bh7 54. Kh3 Kf5 55. Kg2 Kg4 56. Bd6 Be4+ 57. Kf2 Bh7 58. Bc7 Be4 59. Bb8 Bh7 60. Bd6 Be4 61. Bc7 Bh7 62. Bd6 Be4 63. Bc7 Bh7 64. Bd6 1/2-1/2


[Site "https://www.chess.com"]

[Event "Titled Tuesday Blitz August 22 Early 2023"]
[White "KrokerGuy"]
[Black "Kaminski, Victor"]
[BlackFideId "1131630"]
[WhiteElo "2477"]
[BlackElo "2281"]
[Result "1-0"]
[Round "10"]
[TimeControl "180+1"]
[Date "2023.08.22"]
[WhiteClock "0:00:08"]
[BlackClock "0:00:00"]
[Board "119"]

1. e4 e5 2. Nf3 Nc6 3. d4 exd4 4. Nxd4 Nf6 5. Nxc6 bxc6 6. e5 Qe7 7. Qe2 Nd5 8. c4 Nb6 9. Nc3 a5 10. Qe4 Ba6 11. Be3 Qb4 12. O-O-O Bxc4 13. Bxb6 Bxf1 14. Qf5 O-O-O 15. Bxc7 Kxc7 16. Rhxf1 Qc4 17. Qe4 Qxe4 18. Nxe4 Be7 19. Rd3 Rb8 20. Rfd1 Rhd8 21. Rf3 Rf8 22. Rg3 g6 23. Rgd3 Rfd8 24. a3 Rb5 25. f4 h5 26. g3 Rb7 27. Kc2 Rb5 28. Nc3 Rc5 29. Rd4 f6 30. Re4 fxe5 31. fxe5 Rf8 32. b4 axb4 33. axb4 Rxc3+ 34. Kxc3 Rf3+ 35. Rd3 Rf2 36. Red4 d5 37. exd6+ Bxd6 38. Rxd6 1-0


[Site "https://www.chess.com"]

[Event "Titled Tuesday Blitz August 22 Early 2023"]
[White "Miguelitro69"]
[Black "Bazilius, Augustinas"]
[BlackFideId "12832251"]
[WhiteElo "2277"]
[BlackElo "2469"]
[Result "1-0"]
[Round "10"]
[TimeControl "180+1"]
[Date "2023.08.22"]
[WhiteClock "0:01:43"]
[BlackClock "0:00:00"]
[Board "120"]

1. e4 c5 2. Nf3 a6 3. g3 b5 4. Bg2 Bb7 5. Qe2 d6 6. O-O Nf6 7. d3 e6 8. c3 Be7 9. Nbd2 d5 10. e5 Nfd7 11. d4 Nc6 12. Re1 Qb6 13. dxc5 Bxc5 14. Nb3 Be7 15. Bf4 O-O 16. h4 a5 17. Rad1 b4 18. c4 Ba6 19. Nbd2 Qc7 20. b3 Nb6 21. Rc1 dxc4 22. bxc4 Rad8 23. Qe3 a4 24. Ng5 h6 25. Nge4 Nd4 26. Nd6 Nf5 27. Nxf5 exf5 28. e6 Bf6 29. Bxc7 1-0


[Site "https://www.chess.com"]

[Event "Titled Tuesday Blitz August 22 Early 2023"]
[White "Ai, Evan"]
[Black "Shuvalov, Evgenij"]
[WhiteFideId "2094770"]
[BlackFideId "4187237"]
[WhiteElo "2271"]
[BlackElo "2465"]
[Result "1/2-1/2"]
[Round "10"]
[TimeControl "180+1"]
[Date "2023.08.22"]
[WhiteClock "0:00:14"]
[BlackClock "0:00:25"]
[Board "121"]

1. e4 e6 2. d4 d5 3. Nd2 c5 4. exd5 exd5 5. Ngf3 Nc6 6. Bb5 Qe7+ 7. Qe2 Qxe2+ 8. Kxe2 a6 9. Bxc6+ bxc6 10. dxc5 Bxc5 11. Nb3 Bd6 12. Be3 Ne7 13. Bc5 Kd7 14. Kd2 f6 15. Rhe1 Bxc5 16. Nxc5+ Kd6 17. b4 a5 18. a3 g5 19. Nd4 Ng6 20. g3 g4 21. Kc3 Ne5 22. Ndb3 axb4+ 23. axb4 Bf5 24. Na5 h5 25. Ra4 h4 26. Rea1 Kc7 27. Nab3 Rxa4 28. Rxa4 Nf3 29. Ra7+ Kb8 30. Rb7+ Kc8 31. Na5 Ne5 32. Ra7 Rh7 33. Ra8+ Kc7 34. Rf8 Rh6 35. Rg8 hxg3 36. hxg3 Rh7 37. Nab3 Nf3 38. Nd4 Nxd4 39. Kxd4 Bxc2 40. Rxg4 Re7 41. Rg7 Rxg7 42. Ne6+ Kb6 43. Nxg7 Kb5 44. Kc3 Bg6 45. Ne6 Bf7 46. Nd8 Bg8 47. Nb7 d4+ 48. Kxd4 Kxb4 49. Nc5 Bd5 50. f4 Bf3 51. Nd7 f5 52. Nc5 Bd5 53. Nd3+ Kb5 54. Ke5 Be4 55. Nf2 Bc2 56. Kd4 Kb4 57. Ke3 c5 58. Kd2 Kb3 59. Kc1 c4 60. g4 fxg4 61. Nxg4 Be4 62. Nf6 Bf5 63. Nd5 c3 64. Ne3 Be4 65. f5 Bxf5 66. Nxf5 c2 67. Ne3 Kc3 68. Nxc2 1/2-1/2


[Site "https://www.chess.com"]

[Event "Titled Tuesday Blitz August 22 Early 2023"]
[White "Rietze, Clemens, Dr."]
[Black "Balint, Vilmos"]
[WhiteFideId "24620351"]
[BlackFideId "718050"]
[WhiteElo "2454"]
[BlackElo "2253"]
[Result "1-0"]
[Round "10"]
[TimeControl "180+1"]
[Date "2023.08.22"]
[WhiteClock "0:00:03"]
[BlackClock "0:00:38"]
[Board "122"]

1. d4 Nf6 2. c4 e6 3. Nf3 Bb4+ 4. Bd2 c5 5. Bxb4 cxb4 6. g3 O-O 7. Bg2 d6 8. O-O Qe7 9. Ne1 a5 10. Nc2 Na6 11. Nd2 Rb8 12. a3 bxa3 13. Rxa3 b6 14. b3 e5 15. e4 Bg4 16. f3 Be6 17. Nb1 Rfc8 18. Nc3 exd4 19. Qxd4 Nc5 20. Kh1 h6 21. Rd1 Ne8 22. Ne3 Qg5 23. f4 Qh5 24. f5 Bd7 25. Ncd5 Kf8 26. Rf1 Qe2 27. f6 g6 28. e5 dxe5 29. Qxe5 Be6 30. Nf4 Qd2 31. b4 Qxb4 32. Raa1 Kg8 33. Bd5 Nd7 34. Qd4 Bxd5+ 35. Nexd5 Qc5 36. Qd2 Kh7 37. Rac1 Ndxf6 38. Nxf6+ Nxf6 39. Nd3 Ne4 40. Rxf7+ Kg8 41. Qf4 Ng5 42. Rf6 Rc6 43. Qxb8+ Kg7 44. Rff1 Qe3 45. Qb7+ Nf7 46. Qxf7+ 1-0


[Site "https://www.chess.com"]

[Event "Titled Tuesday Blitz August 22 Early 2023"]
[White "Feliz Dotel, Dewar Bienvenido"]
[Black "Sai Han Thiha"]
[WhiteFideId "6402801"]
[BlackFideId "13012290"]
[WhiteElo "2165"]
[BlackElo "2448"]
[Result "0-1"]
[Round "10"]
[TimeControl "180+1"]
[Date "2023.08.22"]
[WhiteClock "0:00:30"]
[BlackClock "0:01:31"]
[Board "123"]

1. d4 Nf6 2. e3 e6 3. Nf3 b6 4. Bd3 Bb7 5. b3 c5 6. Bb2 cxd4 7. exd4 d5 8. O-O Bd6 9. c4 O-O 10. Nbd2 Nc6 11. a3 Ne7 12. b4 dxc4 13. Nxc4 Ng6 14. Nxd6 Qxd6 15. Re1 Rac8 16. Qe2 Nf4 17. Qe3 Ng4 18. Qd2 Nxd3 19. Qxd3 Bxf3 20. Qxf3 Qxh2+ 21. Kf1 Rc2 0-1


[Site "https://www.chess.com"]

[Event "Titled Tuesday Blitz August 22 Early 2023"]
[White "Cagara, Paulina"]
[Black "Balla, Tamas-Kristof"]
[WhiteFideId "1124870"]
[BlackFideId "1208497"]
[WhiteElo "2170"]
[BlackElo "2441"]
[Result "1-0"]
[Round "10"]
[TimeControl "180+1"]
[Date "2023.08.22"]
[WhiteClock "0:01:37"]
[BlackClock "0:00:00"]
[Board "124"]

1. e4 c5 2. Nc3 Nc6 3. Bb5 Nd4 4. Bc4 e6 5. Nf3 a6 6. a4 Nf6 7. O-O d5 8. exd5 exd5 9. Nxd5 Nxd5 10. Nxd4 cxd4 11. Qh5 Be7 12. Qxd5 O-O 13. Qxd8 Rxd8 14. d3 Bd7 15. Bf4 Bc6 16. Rfe1 Bf6 17. Be5 Bxe5 18. Rxe5 Re8 19. Rae1 Bxa4 20. Bd5 Rxe5 21. Rxe5 Bc6 22. Bxc6 bxc6 23. g4 Rb8 24. b3 f6 25. Rc5 Rb6 26. Kg2 Kf7 27. Kf3 Ke6 28. Ke4 g6 29. Kxd4 Kd6 30. Rc4 Rb5 31. f4 h5 32. h3 hxg4 33. hxg4 Rd5+ 34. Ke4 a5 35. Rd4 f5+ 36. gxf5 gxf5+ 37. Ke3 Kc5 38. Rxd5+ cxd5 39. c3 d4+ 40. Kd2 Kd5 41. Kc2 1-0


[Site "https://www.chess.com"]

[Event "Titled Tuesday Blitz August 22 Early 2023"]
[White "Kriti Mayur Patel"]
[Black "Llanos, Guillermo"]
[WhiteFideId "35061780"]
[BlackFideId "100358"]
[WhiteElo "2118"]
[BlackElo "2433"]
[Result "0-1"]
[Round "10"]
[TimeControl "180+1"]
[Date "2023.08.22"]
[WhiteClock "0:00:00"]
[BlackClock "0:00:23"]
[Board "125"]

1. e4 Nf6 2. e5 Nd5 3. d4 d6 4. c4 Nb6 5. Nf3 g6 6. exd6 cxd6 7. Nc3 Bg7 8. Bd3 O-O 9. h4 Nc6 10. h5 Nxd4 11. Nxd4 Bxd4 12. hxg6 fxg6 13. Ne4 Bf5 14. Bh6 Bg7 15. Ng5 Bxb2 16. Bxf8 Qxf8 17. Nxh7 Qg7 18. Rb1 Bc3+ 19. Kf1 Rc8 20. Qe2 Qe5 21. Qf3 Bxd3+ 22. Qxd3 Qf5 23. Qe2 Qxb1+ 0-1


[Site "https://www.chess.com"]

[Event "Titled Tuesday Blitz August 22 Early 2023"]
[White "Hajiyev, Kanan"]
[Black "Ziatdinov, Raset"]
[WhiteFideId "13404148"]
[BlackFideId "2015323"]
[WhiteElo "2485"]
[BlackElo "2356"]
[Result "0-1"]
[Round "10"]
[TimeControl "180+1"]
[Date "2023.08.22"]
[WhiteClock "0:00:27"]
[BlackClock "0:00:14"]
[Board "126"]

1. d4 Nf6 2. c4 e6 3. Nf3 d5 4. cxd5 exd5 5. Nc3 c5 6. Bg5 cxd4 7. Qxd4 Be7 8. O-O-O Be6 9. e4 dxe4 10. Bb5+ Nbd7 11. Bxf6 Bxf6 12. Bxd7+ Qxd7 13. Qxd7+ Bxd7 14. Nxe4 Rc8+ 15. Kb1 Bf5 16. Rhe1 O-O 17. Nd4 Bxe4+ 18. Rxe4 Rfd8 19. Rd2 Rc4 20. Rde2 h6 21. Nf3 Rd1# 0-1


[Site "https://www.chess.com"]

[Event "Titled Tuesday Blitz August 22 Early 2023"]
[White "Pavlidis, Anastasios"]
[Black "Berezin, Viktor"]
[WhiteFideId "4208404"]
[BlackFideId "14107872"]
[WhiteElo "2324"]
[BlackElo "2468"]
[Result "0-1"]
[Round "10"]
[TimeControl "180+1"]
[Date "2023.08.22"]
[WhiteClock "0:00:00"]
[BlackClock "0:01:05"]
[Board "127"]

1. d4 Nf6 2. c4 e6 3. Nf3 Bb4+ 4. Nbd2 b6 5. a3 Be7 6. e4 d6 7. Bd3 Bb7 8. O-O c5 9. d5 e5 10. g3 O-O 11. Nh4 Bc8 12. Ng2 a6 13. f4 b5 14. cxb5 axb5 15. fxe5 dxe5 16. Bxb5 Ba6 17. Bxa6 Nxa6 18. Qe2 Nb4 19. Nc4 Bd6 20. Bg5 Be7 21. axb4 Rxa1 22. Rxa1 cxb4 23. Nxe5 h6 24. Nc6 Qb6+ 25. Be3 Bc5 26. Bxc5 Qxc5+ 27. Kh1 Re8 28. Qe3 Qxe3 29. Nxe3 Rxe4 30. Nf5 Nxd5 31. Rd1 Nb6 32. Rd4 Re1+ 33. Kg2 b3 34. Rb4 Nd5 35. Rxb3 Kh7 36. Rd3 Nf6 37. Ncd4 g6 38. Ne3 Ne4 39. b4 Rb1 40. Nec2 h5 41. b5 Nd6 42. Rf3 Kg7 43. Na3 Rb2+ 44. Rf2 Rb4 45. Rd2 Ne4 46. Rd3 Rb2+ 47. Kf3 Nc5 48. Rc3 Na4 49. Rb3 Rxh2 50. b6 Nc5 51. b7 Nxb7 52. Rxb7 Rh1 53. Ne6+ Kf6 54. Nf4 g5 55. Nd5+ Kg7 56. Nc4 Rf1+ 57. Kg2 Rf5 58. Nde3 Rf6 59. Re7 Kg6 60. Ne5+ Kg7 61. Nd5 Rf5 62. Rxf7+ Rxf7 63. Nxf7 Kxf7 64. Kf3 Kg6 65. Ne3 Kf6 66. Ke4 Ke6 67. Nf5 Kf6 68. Nd4 g4 69. Ne2 Kg5 70. Nf4 h4 71. Ne6+ Kh5 72. Ng7+ Kg5 73. gxh4+ Kxh4 74. Nf5+ Kg5 75. Ng3 Kh4 76. Ne2 Kg5 77. Ke3 g3 78. Kf3 g2 0-1


[Site "https://www.chess.com"]

[Event "Titled Tuesday Blitz August 22 Early 2023"]
[White "Zaichenko, Daria"]
[Black "Mmukka"]
[WhiteFideId "4197453"]
[WhiteElo "2274"]
[BlackElo "2456"]
[Result "0-1"]
[Round "10"]
[TimeControl "180+1"]
[Date "2023.08.22"]
[WhiteClock "0:00:09"]
[BlackClock "0:00:04"]
[Board "128"]

1. e4 c5 2. Nf3 e6 3. d4 cxd4 4. Nxd4 a6 5. Nc3 Qc7 6. Be2 Nf6 7. O-O Nc6 8. Be3 d6 9. f4 Be7 10. a4 O-O 11. Bf3 Bd7 12. Qe1 Nxd4 13. Bxd4 e5 14. Be3 exf4 15. Bxf4 Be6 16. Bg5 Qc5+ 17. Be3 Qc4 18. Rd1 Rac8 19. Rd4 Qc7 20. Bf4 Nd7 21. Qd2 Ne5 22. Be2 Qb6 23. b3 Nc6 24. Be3 Nxd4 25. Bxd4 Qb4 26. Qe3 Bg5 27. Qd3 Rfe8 28. Kh1 f6 29. Bh5 Re7 30. Ne2 Bf7 31. Bg4 Rce8 32. Ng3 Bg6 33. Bf3 d5 34. Bc3 Qd6 35. exd5 Re3 36. Qc4 Bxc2 37. Bb4 Qd7 38. d6+ Kh8 39. Qxc2 Bf4 40. Nf5 R3e5 41. Bg4 Rc8 42. Qf2 g5 43. h3 h5 44. Ne7 hxg4 45. Nxc8 Qh7 46. h4 g3 47. Qxf4 gxf4 48. Rxf4 Qb1+ 0-1


[Site "https://www.chess.com"]

[Event "Titled Tuesday Blitz August 22 Early 2023"]
[White "Hrescak, Ivana"]
[Black "Derichs, Roger"]
[WhiteFideId "14613441"]
[BlackFideId "4630076"]
[WhiteElo "2300"]
[BlackElo "2432"]
[Result "1-0"]
[Round "10"]
[TimeControl "180+1"]
[Date "2023.08.22"]
[WhiteClock "0:00:38"]
[BlackClock "0:01:35"]
[Board "129"]

1. e4 d6 2. d4 Nf6 3. Nc3 e5 4. Nf3 Nbd7 5. Rg1 c6 6. g4 g6 7. g5 Nh5 8. Be3 b5 9. a3 Bb7 10. Qd2 a5 11. d5 cxd5 12. Nxd5 Bc6 13. O-O-O b4 14. axb4 axb4 15. Qxb4 Nc5 16. Bxc5 dxc5 17. Qc4 Qa5 18. Nxe5 Bxd5 19. Qxd5 Be7 20. Qxf7# 1-0


[Site "https://www.chess.com"]